 Dungeon Crawl Stone Soup version 0.31.0-12-g77e489cdc1 (webtiles) character file.

Game seed: 14130681303630207612

134 unlimited1921 the Magician (level 5, 0/35 HPs)
             Began as a Djinni Fire Elementalist on Feb 20, 2024.
             Slain by an orc
             ... wielding a +0 club
              (2 damage)
             ... on level 3 of the Dungeon.
             The game lasted 00:04:34 (3860 turns).

unlimited1921 the Magician (DjFE)                   Turns: 3860, Time: 00:04:35

Health: 0/35       AC:  2    Str:  7    XL:     5   Next: 40%
Gold:   117        EV: 13    Int: 19    God:
                   SH:  0    Dex: 13

rFire   + + .        h - +5 hand axe
rCold   x . .        (no shield)
rNeg    . . .        a - +0 robe
rPois   ∞            (no helmet)
rElec   .            (no cloak)
rCorr   .            (no gloves)
SInv    .            (boots unavailable)
Will    .....        (no amulet)
Stlth   ++           (no ring)
HPRegen 0.25/turn    (no ring)
MPRegen 0.00/turn

%: infuse magic (-1 HP)
@: flying
A: sickness immunity, fire resistance 2, cold vulnerability 1, float, innate
caster, HP casting, extra vitality 1
a: no special abilities


You were on level 3 of the Dungeon.
You visited 1 branch of the dungeon, and saw 3 of its levels.

You collected 117 gold pieces.

Inventory:

Hand Weapons
 h - a +5 hand axe (weapon)
 i - a +2 whip of electrocution
Missiles
 e - 2 silver javelins
 o - a throwing net
 r - 8 poisoned darts
Armour
 a - a +0 robe (worn)
 b - a +0 leather armour
Scrolls
 c - 2 scrolls of enchant weapon {unknown}
 d - 4 scrolls of teleportation {unknown}
 j - a scroll of vulnerability {unknown}
 m - 2 scrolls of identify {unknown}
 p - a scroll of immolation {unknown}
Potions
 f - 2 potions of might {unknown}
 g - 2 potions of curing {unknown}
 k - 2 potions of cancellation {unknown}
 l - a potion of enlightenment {unknown}
 n - a potion of mutation {unknown}
 q - 2 potions of haste {unknown}


   Skills:
 + Level 3.1 Dodging
 + Level 3.0 Stealth
 + Level 4.0 Spellcasting
 + Level 4.0 Conjurations
 + Level 4.0 Hexes
 + Level 4.0 Summonings
 + Level 4.0 Necromancy
 + Level 4.0 Translocations
 + Level 4.0 Fire Magic
 + Level 4.0 Ice Magic
 + Level 4.0 Air Magic
 + Level 4.0 Earth Magic
 + Level 4.0 Alchemy


You knew the following spells:

 Your Spells              Type           Power      Damage    Failure   Level
a - Foxfire               Conj/Fire      76%        2x1d7     2%          1
b - Scorch                Fire           38%        2d6       4%          2
c - Volatile Blastmotes   Fire/Tloc      38%        2d13      8%          3
d - Inner Flame           Hex/Fire       19%        N/A       8%          3
e - Flame Wave            Conj/Fire      19%        2d7       26%         4
f - Kiss of Death         Conj/Necr      76%        2d11      2%          1
g - Searing Ray           Conj           38%        2d5       4%          2
Your spell library was empty.

Dungeon Overview and Level Annotations

Branches:
Dungeon (3/15)

Altars:


Innate Abilities, Weirdness & Mutations

You are immune to sickness and miasma.
You are immune to poison.
Your flesh is very heat resistant. (rF++)
You are vulnerable to cold. (rC-)
You float through the air rather than walking.
You learn spells naturally, not from books.
Your magical power is your life essence.
You have superior vitality. (+4 MHP)


Message History

The orc priest is almost dead.
Casting: Inner Flame (dangerous; 9% risk of failure)
Confirm with . or Enter, or press ? or * to list all spells.
Flames lash the orc priest.
The orc priest explodes!
The fiery explosion engulfs the orc!
You kill the orc!
The orc priest calls down the wrath of Beogh upon you.
Beogh smites you!
* * * LOW HITPOINT WARNING * * *
Your Stealth skill increases to level 3!
Your Spellcasting skill increases to level 4!
Your Conjurations skill increases to level 4!
Your Hexes skill increases to level 4!
Your Summonings skill increases to level 4!
Your Necromancy skill increases to level 4!
Your Translocations skill increases to level 4!
Your Fire Magic skill increases to level 4!
Your Ice Magic skill increases to level 4!
Your Air Magic skill increases to level 4!
Your Earth Magic skill increases to level 4!
Your Alchemy skill increases to level 4!
You fly upwards.
There is a stone staircase leading down here.
You start resting.
HP restored.
You fly downwards.
The orc priest mumbles some strange prayers to Beogh against you.
Beogh smites you! The orc hits you with a +0 club.
There is a stone staircase leading up here.
Casting: Scorch (safe; 4% risk of failure)
Confirm with . or Enter, or press ? or * to list all spells.
Flames lash the orc.
The orc is almost dead.
The orc's fire resistance burns away.
The orc priest mumbles some strange prayers to Beogh against you.
Beogh smites you!
* * * LOW HITPOINT WARNING * * *
The orc hits you with a +0 club.
You die...

................
..................#
..................#
..................#
.".$..........÷...#
..................#
............÷.....#
..........o.......#
.......[..@.......#
..................#
..................#
.......)..........#
.o..o..[..........#
..................#
..................#
..................#


You could see an orc priest and an orc (combustible).

Vanquished Creatures
  An orc priest (D:3)
  An orc wizard (D:3)
  4 adders
  A ribbon worm (D:2)
  2 dart slugs (D:1)
  An orc (D:3)
  2 ball pythons (D:3)
  2 bats
  3 endoplasms
  2 giant cockroaches
  2 hobgoblins (D:1)
  2 jackals (D:2)
  5 kobolds
  3 quokkas
  4 frilled lizards
  2 goblins
  2 rats
39 creatures vanquished.

Vanquished Creatures (others)
  153 foxfires
153 creatures vanquished.

Grand Total: 192 creatures vanquished

Notes
Turn   | Place    | Note
-------+----------+-------------------------------------------
     0 | D:1      | unlimited1921 the Djinni Fire Elementalist began the quest
                  | for the Orb.
     0 | D:1      | unlimited1921 set off with the following spells memorised:
                  | Foxfire, Scorch, Volatile Blastmotes, Inner Flame, Flame
                  | Wave.
     0 | D:1      | Reached XP level 1. HP: 15/15 MP: 0/0
   505 | D:1      | Reached XP level 2. HP: 18/21 MP: 0/0
  1597 | D:1      | Reached XP level 3. HP: 24/25 MP: 0/0
  1597 | D:1      | Learned a level 1 spell: Kiss of Death
  2425 | D:2      | Reached XP level 4. HP: 24/31 MP: 0/0
  3723 | D:3      | Reached XP level 5. HP: 18/35 MP: 0/0
  3723 | D:3      | Learned a level 2 spell: Searing Ray
  3725 | D:3      | HP: 1/35 [orc priest/divine providence (11)]
  3860 | D:3      | Slain by an orc

Illustrated notes

Levels and vault maps discovered:
D:1:      dpeg_arrival_yet_another_circle, layout_basic
D:2:      layout_loops_ring
D:3:      layout_basic, grunt_temple_overflow_magic_moments, serial_shops, shop

Skill      XL: |  1  2  3  4  5 |
---------------+----------------+-----
Stealth        | 2 3 |  3.0
Dodging        | 3 |  3.1
Spellcasting   | 4 |  4.0
Conjurations   | 4 |  4.0
Hexes          | 4 |  4.0
Summonings     | 4 |  4.0
Necromancy     | 4 |  4.0
Translocations | 4 |  4.0
Fire Magic     | 4 |  4.0
Ice Magic      | 4 |  4.0
Air Magic      | 4 |  4.0
Earth Magic    | 4 |  4.0
Alchemy        | 4 |  4.0

Action                     |  1- 3 |  4- 6 || total
---------------------------+-------+-------++-------
   Cast: Foxfire           |    61 |    40 ||   101
         Scorch            |     4 |     3 ||     7
         Inner Flame       |       |     1 ||     1
 Armour: Robe              |     1 |     4 ||     5
  Dodge: Dodged            |     1 |     1 ||     2
